[Event "5th Vera Menchik Memorial 2022"]
[Site "Prag"]
[Date "2022.06.05"]
[Round "3.15"]
[White "Slanec, Jan"]
[Black "Dubansky, Bohuslav"]
[Result "1-0"]
[ECO "C13"]
[WhiteElo "1957"]
[BlackElo "2223"]
[Annotator "TA"]
[PlyCount "137"]
[EventDate "2022.06.05"]
[EventType "tourn"]
[EventCountry "CZE"]
[SourceTitle "playchess.com"]
[Source "ChessBase"]
[SourceQuality "1"]
[TimeControl "720+3"]

1. e4 e6 2. d4 d5 3. Nd2 dxe4 4. Nxe4 Nd7 5. Bd3 Ngf6 6. Bg5 Be7 7. Nf3 b6 {[%emt 0:00:10] C13: French: Classical System: 4 Bg5 Be7, Alekhine-Chatard Attack.} (7... Nxe4 $11 8. Bxe7 Qxe7 9. Bxe4 Nf6) 8. h4 Bb7 9. Qe2 h6 {[%emt 0:00:20] White has an edge.} 10. Bf4 Nd5 11. Bd2 Nb4 ({Black should try} 11... c5 $11) 12. Bxb4 $14 Bxb4+ 13. c3 {[%emt 0:00:01] [#]} Bd6 $146 ({Predecessor:} 13... Be7 14. O-O-O c6 15. Ne5 Nxe5 16. dxe5 Qc7 17. f4 O-O-O 18. h5 c5 19. Qg4 Rxd3 20. Rxd3 Bxe4 {½-½ (29) Hess,C (2206)-Schlaefer,R (1942) Leverkusen 2007}) 14. O-O-O Qe7 15. Rhe1 O-O-O 16. Kb1 Nf6 17. Ng3 (17. Nxd6+ cxd6 18. c4 Qd7 $11) 17... Nd5 18. Qc2 (18. Ba6 $14) 18... Nf4 $11 19. Bf1 (19. Nf5 Qf6 20. Nxd6+ cxd6 $17) 19... Kb8 ({Black should play} 19... g5 $15) 20. Ne4 $1 $14 Rhe8 21. g3 Nd5 22. a3 Nf6 23. Nfd2 Nxe4 24. Nxe4 Qd7 25. c4 Bf8 26. Bh3 Qc6 (26... f5 $5 27. Nc3 g6 $11) 27. Re3 Be7 28. b4 a6 29. Qb3 g5 30. hxg5 hxg5 31. Nc3 Rh8 32. g4 (32. d5 $15 exd5 33. Nxd5 (33. Rxe7 d4 $17)) 32... Bf6 33. Ne2 (33. b5 $17 axb5 34. Nxb5) 33... Rh4 $19 34. Rg3 Qe4+ 35. Qc2 {[%emt 0:00:07] [#]} Rdh8 (35... Bxd4 36. Bg2 Qxc2+ 37. Kxc2 Bxg2 38. Nxd4 Be4+ 39. Kc3 $17) (35... Be5 $1 $19 36. Re3 (36. Rgd3 Qh7) 36... Qxc2+ 37. Kxc2 Bd6) 36. Bg2 $17 Qxc2+ 37. Kxc2 Rh2 (37... Bxg2 $17 38. Rxg2 Bg7) 38. Bxb7 $11 Kxb7 39. Rf3 R8h6 40. Ng3 R6h4 $2 41. Rxf6 Rxg4 42. Kd3 Rf4 43. Rxf4 gxf4 $18 {[%emt 0:00:01][%mdl 4096] Endgame KRN-KR} 44. Ne4 Rh3+ 45. Ke2 Rxa3 46. Ng5 Rb3 47. b5 axb5 48. cxb5 ({Much less strong is} 48. Nxf7 $6 f3+ 49. Kd2 bxc4 $16) 48... Rxb5 49. Nxf7 {[%emt 0:00:02] aiming for Nd8+.} Rb3 50. Ne5 b5 $2 (50... Rc3 51. Rd3 Rc2+ 52. Kf3 Kc8) 51. Rd3 Rb2+ 52. Kf3 b4 53. Nc4 Rc2 54. Nd2 ({Not} 54. Ne5 Kb6 $16) 54... Kc6 55. Kxf4 Kd5 56. Ke3 Rc1 57. Rb3 Rc3+ $2 (57... c5 $18 58. dxc5 Kxc5) 58. Rxc3 bxc3 {[%emt 0:00:01] KN-K3P} 59. Nb3 Kc4 60. Nc1 c2 61. f4 $2 (61. Ne2 Kd5 62. Kd3 Kd6 63. Kxc2 Kd5 64. Kd3 Kd6 65. Ke4 Kc6 66. Ke5) 61... Kc3 $2 {[%emt 0:00:12][%mdl 8192] [#]} (61... c5 $11) 62. Ke4 $2 (62. d5 {mates} exd5 63. f5 d4+ 64. Ke2 Kb2 65. Kd2 Ka3 66. f6 Kb4 67. f7) 62... Kd2 $11 63. Na2 {[%emt 0:00:01] Intending d5 and mate.} c6 {[%emt 0:00:05] Against d5} 64. Ke5 Kd3 $2 (64... Ke3 $11 65. Kxe6 Kxf4) 65. Kxe6 {[%emt 0:00:02] White mates.} Kxd4 66. f5 Kc4 67. f6 Kb3 68. Nc1+ Kb2 69. Ne2 {[%emt 0:00:01] Weighted Error Value: White=0.19 (very precise) /Black=0.45} 1-0

[Event "5th Vera Menchik Memorial 2022"]
[Site "Prag"]
[Date "2022.06.05"]
[Round "3.16"]
[White "Richtrova, Eliska"]
[Black "Babicka, Michal"]
[Result "1-0"]
[ECO "B24"]
[WhiteElo "2204"]
[BlackElo "1989"]
[Annotator "TA"]
[PlyCount "47"]
[EventDate "2022.06.05"]
[EventType "tourn"]
[EventCountry "CZE"]
[SourceTitle "playchess.com"]
[Source "ChessBase"]
[SourceQuality "1"]
[TimeControl "720+3"]

1. e4 c5 2. Nc3 Nc6 3. g3 g6 4. Bg2 Bg7 5. d3 e6 6. Be3 b6 7. Qd2 h6 {[%emt 0:00:04] B24: Closed Sicilian: 3 g3 sidelines.} 8. Nge2 Nge7 9. O-O Bb7 {[%emt 0:00:03] White is slightly better.} 10. d4 cxd4 11. Nxd4 {[%emt 0:00:01] [#]} Nxd4 $146 ({Predecessor:} 11... a6 12. Rad1 Ne5 13. Qe2 Rc8 14. Bc1 O-O 15. f4 N5c6 16. Be3 Qc7 17. Nxc6 dxc6 {1-0 (27) Vykydal,F (2240)-Denk,A (2259) Austria 2007}) 12. Bxd4 O-O 13. Bxg7 {[%emt 0:01:19] White is more active.} Kxg7 14. Rad1 Bc6 15. e5 Qc7 16. Qf4 Nf5 17. Bxc6 dxc6 18. Ne4 g5 19. Qg4 {[%emt 0:01:54] Hoping for Rde1.} Qxe5 20. h4 Ne7 ({Don't do} 20... Qxb2 21. hxg5 h5 22. Qf4 $16 (22. Qxh5 Qe5 $16)) (20... Nd4 $5 21. Nxg5 (21. hxg5 $2 h5 $19) 21... Ne2+ 22. Kh2 hxg5 $11) 21. hxg5 {[%emt 0:00:06] [#] Threatens to win with Rd7.} hxg5 $2 ({Black should try} 21... Qf5 $14 22. gxh6+ Kxh6 23. Qxf5 (23. Qh4+ Kg7 $14) 23... Nxf5) 22. Nxg5 $18 {[%emt 0:00:22] And now Nf3+ would win.} Ng6 23. Rd7 {[%emt 0:00:23] aiming for f4.} ({Not} 23. Qh5 Rh8 24. Qg4 Rad8 $11) 23... Rad8 $2 (23... Kg8 24. Nxf7 Rxf7 25. Qxg6+ Qg7 26. Qxe6 Raf8 27. Rxa7 Qxb2 28. Rxf7 Rxf7 29. Qxc6 Kg7) 24. Nxe6+ {[%emt 0:03:50] Weighted Error Value: White=0.06 (flawless) /Black=0.46} 1-0

[Event "5th Vera Menchik Memorial 2022"]
[Site "Prag"]
[Date "2022.06.05"]
[Round "4.2"]
[White "Pulpan, Jakub"]
[Black "Akerman, Jan"]
[Result "1-0"]
[ECO "C56"]
[WhiteElo "2418"]
[BlackElo "1524"]
[Annotator "TA"]
[PlyCount "33"]
[EventDate "2022.06.05"]
[EventType "tourn"]
[EventCountry "CZE"]
[SourceTitle "playchess.com"]
[Source "ChessBase"]
[SourceQuality "1"]
[TimeControl "720+3"]

1. e4 e5 2. Nf3 Nc6 3. Bc4 Bc5 4. c3 Nf6 5. d4 exd4 6. O-O O-O 7. cxd4 Bb6 {[%emt 0:00:02] [#]} 8. e5 {[%emt 0:00:02] White is more active. C56: Two Knights: 4 d4 exd4 5 0-0 Nxe4.} (8. d5 $1 $16 ) 8... Ne8 $2 (8... d5 $11) 9. d5 Nb8 {[%emt 0:00:03] [#]} 10. Nc3 $146 {[%emt 0:00:08] Black must now prevent d6. White has a decisive advantage.} ({Predecessor:} 10. Bg5 f6 11. d6+ Kh8 12. exf6 Nxf6 13. Nc3 cxd6 14. Nd5 Bc7 15. Rc1 Nc6 16. a3 {1-0 (29) Pinheiro,J (1764)-Lima Miranda,C Fortaleza 2018}) 10... h6 11. e6 d6 {[%emt 0:00:21] Prevents Ne5.} (11... dxe6 $16 {was worth a try.} 12. dxe6 Nd6 13. exf7+ Kh8) 12. Re1 $18 Qe7 13. Ne4 (13. Qc2 $18) 13... Nf6 $2 {[%emt 0:00:45] [#]} (13... fxe6 $16 14. a4 c6) 14. Ng3 (14. Nh4 $18 {and White stays clearly on top. Nf5 is the strong threat.} Nxe4 15. Rxe4) 14... fxe6 15. dxe6 (15. Nf5 $1 $16 Bxf2+ 16. Kxf2 Ng4+ 17. Kg3 Rxf5 18. Kxg4) 15... Re8 (15... Ng4 $11 16. Re2 Nc6) 16. Nf5 Qd8 17. e7+ {[%emt 0:00:01] Weighted Error Value: White=0.83/Black=0.86} 1-0

[Event "5th Vera Menchik Memorial 2022"]
[Site "Prag"]
[Date "2022.06.05"]
[Round "4.3"]
[White "Kraus, Petr"]
[Black "Jirovsky, Milos"]
[Result "0-1"]
[ECO "B40"]
[WhiteElo "1804"]
[BlackElo "2458"]
[Annotator "TA"]
[PlyCount "58"]
[EventDate "2022.06.05"]
[EventType "tourn"]
[EventCountry "CZE"]
[SourceTitle "playchess.com"]
[Source "ChessBase"]
[SourceQuality "1"]
[TimeControl "720+3"]

1. c4 e6 2. e4 c5 3. Nc3 Nc6 4. Nf3 d6 5. Be2 g6 ({Black should play} 5... Nd4 $11) 6. O-O {[%emt 0:00:03] B40: Sicilian: 2...e6, Unusual lines.} (6. d4 $14) 6... Bg7 $11 7. Qc2 Nge7 8. d3 {[%emt 0:00:14] Black is slightly better.} O-O {[%emt 0:00:04] [#]} 9. Bd2 $146 ({Predecessor:} 9. Bg5 a6 10. Rad1 Rb8 11. Be3 b5 12. d4 b4 13. Na4 cxd4 14. Nxd4 Nxd4 15. Bxd4 Bxd4 16. Rxd4 {0-1 (30) Blume,B-Schwellnus,G freechess.de 2021}) 9... a6 10. Qc1 Re8 11. Re1 Rb8 12. b3 b5 13. cxb5 (13. Bh6 $15) 13... axb5 $17 14. Rb1 b4 15. Na4 Ba6 16. a3 Qd7 17. Be3 (17. Bh6 $142) 17... Rec8 18. axb4 Rxb4 19. Qd2 Rcb8 20. Bd1 $2 {[%emt 0:00:20][%mdl 8192] [#] Loses the game.} (20. Qa2 $17) 20... Rxa4 $19 {[%emt 0:00:24] Black is clearly winning.} 21. Qc2 Rab4 22. Qa2 Bxd3 23. Bc2 Bxc2 24. Qxc2 Nd4 25. Nxd4 Bxd4 26. Bxd4 Rxd4 27. Red1 Nc6 28. f3 Qb7 29. Rd3 Nb4 {[%emt 0:00:02][%csl LRc2,LRd3] Weighted Error Value: White=0.79/Black=0.16 (very precise)} 0-1

[Event "5th Vera Menchik Memorial 2022"]
[Site "Prag"]
[Date "2022.06.05"]
[Round "4.5"]
[White "Neuman, Petr"]
[Black "Taborska, Aneta"]
[Result "1-0"]
[ECO "E91"]
[WhiteElo "2389"]
[BlackElo "1339"]
[Annotator "TA"]
[PlyCount "61"]
[EventDate "2022.06.05"]
[EventType "tourn"]
[EventCountry "CZE"]
[SourceTitle "playchess.com"]
[Source "ChessBase"]
[SourceQuality "1"]
[TimeControl "720+3"]

1. d4 Nf6 2. c4 g6 3. Nc3 c5 4. d5 Bg7 5. e4 O-O 6. Nf3 d6 7. Bg5 Bg4 {[%emt 0:00:17] 7...e6 is setting a new trend.} 8. Be2 Re8 {[%emt 0:00:49] E91: King's Indian: Classical: 6 Be2, unusual replies including 6...c5 and 6...Bg4.} 9. O-O Nbd7 10. h3 Bxf3 {[%emt 0:00:09] White is slightly better.} 11. Bxf3 {[%emt 0:00:02] [#]} Ne5 $146 (11... a6 $14) ({Predecessor:} 11... Qb6 12. Qc2 a6 13. Be2 e6 14. Rfe1 exd5 15. exd5 Re7 16. a3 Rae8 17. Be3 Ne4 18. Nxe4 Rxe4 {1-0 (68) Krena,B (1979)-Hajek,O (1791) Brno 2012}) 12. Be2 $16 Ned7 13. f4 a6 14. a4 Qb6 15. Qc2 e6 {[%emt 0:01:16] Black cannot hold the game after this.} (15... Rab8 $16 {was worth a try.}) 16. dxe6 ({Better is} 16. e5 $1 $18 ) 16... Rxe6 17. Bf3 Rae8 18. a5 Qc7 19. Kh1 h6 20. Bh4 Kh7 21. Nd5 Qb8 22. Rad1 {[%emt 0:00:14] White is more active.} Nxe4 {[%emt 0:00:26] [#]} (22... Rf8 $16 23. Nc3 b6 24. axb6 Qxb6) 23. f5 $1 $18 gxf5 24. Bxe4 Rxe4 25. Rxf5 Kg8 {[%emt 0:00:24] [#]} (25... Kh8 $142) 26. Qf2 $1 Ne5 27. Bf6 {[%emt 0:00:35] Black must now prevent Rf1.} Re6 28. Rf1 {[%emt 0:00:23] Bxg7 is the strong threat.} ({Less strong is} 28. Qg3 Qf8 $18) 28... Nd3 $2 (28... Bxf6 29. Rxf6 Ng4 30. hxg4 $18) (28... Rxf6 29. Nxf6+ Bxf6) 29. Qg3 Rxf6 30. Nxf6+ Kf8 31. Nxe4 {[%emt 0:00:06] Weighted Error Value: White=0.05 (flawless) /Black=0.54} 1-0

[Event "5th Vera Menchik Memorial 2022"]
[Site "Prag"]
[Date "2022.06.05"]
[Round "4.6"]
[White "Filindash, Nikita"]
[Black "Varga, David"]
[Result "1/2-1/2"]
[ECO "D35"]
[WhiteElo "1404"]
[BlackElo "2323"]
[Annotator "TA"]
[PlyCount "92"]
[EventDate "2022.06.05"]
[EventType "tourn"]
[EventCountry "CZE"]
[SourceTitle "playchess.com"]
[Source "ChessBase"]
[SourceQuality "1"]
[TimeControl "720+3"]

1. d4 Nf6 2. c4 e6 3. Nc3 d5 4. cxd5 exd5 5. Bg5 Be7 6. e3 O-O 7. Bd3 Re8 8. Nf3 {[%emt 0:01:59] D35: Queen's Gambit Declined: Exchange Variation.} Bg4 {[%emt 0:00:22] 8...h6 is a critical line.} 9. Qb3 {[%emt 0:00:50] [#]} (9. h3 $5 Bxf3 10. Qxf3 $14) 9... Nc6 $146 (9... Nbd7 $11) ({Predecessor:} 9... Nbd7 10. Qxb7 c5 11. Ne5 cxd4 12. Bxf6 Bxf6 13. Nxg4 dxc3 14. Nxf6+ Nxf6 15. bxc3 Qa5 {1-0 (44) De Pinho,J-Nunes,J Portugal 1996}) 10. Ne5 {[%emt 0:02:54] White is more active.} ({Reject} 10. Qxb7 Nb4 11. Bb1 Rb8 12. Qxa7 Ra8 $11) (10. Bxf6 $14 Bxf6 11. O-O) 10... Nxe5 $15 11. dxe5 Nd7 12. Bxe7 Qxe7 13. O-O Nc5 14. Qc2 Qxe5 15. Bxh7+ Kh8 {[%emt 0:00:01] And now ...g6 would win.} 16. h3 Bd7 {[%emt 0:01:32] Strongly threatening ...g6.} 17. Rad1 c6 {[%emt 0:00:41] Black wants to play ...g6.} 18. Bd3 Re6 19. Bf5 Rh6 (19... Re7 $11 20. Bxd7 Nxd7) 20. Bxd7 $16 Nxd7 21. Qe2 (21. e4 $1 $14) 21... Re8 $11 22. Rd4 {[%emt 0:00:05] [#]} Qxd4 $1 23. exd4 Rxe2 24. Nxe2 {[%emt 0:00:02][%mdl 4096] Endgame KRN-KRN} Re6 25. Nc3 Kg8 26. Rd1 Kf8 27. Kf1 Ke7 28. f3 Kd6 29. Kf2 b5 30. b3 a5 31. g3 Nb8 32. Ne2 Na6 33. a3 Re8 34. Nf4 Nc7 35. Nd3 Ne6 36. Ne5 f6 37. Ng4 a4 38. b4 {[%emt 0:00:10] [#]} Nc7 (38... f5 $1 $17 39. Ne3 f4 40. gxf4 Nxf4) 39. Ne3 {[%emt 0:00:02] Nf5+ is the strong threat.} g6 {[%emt 0:00:03] Inhibits Nf5+.} 40. Ng4 Re6 41. Ne3 Na8 42. Ng4 Nb6 43. Rd3 Nc4 44. Ne3 Nb6 45. Rc3 Re8 46. Rd3 Re7 {[%emt 0:00:02] Weighted Error Value: White=0.18 (very precise) /Black=0.17 (very precise)} 1/2-1/2

[Event "5th Vera Menchik Memorial 2022"]
[Site "Prag"]
[Date "2022.06.05"]
[Round "4.7"]
[White "Jacko, Vladimir"]
[Black "Markina, Sofiia"]
[Result "1-0"]
[ECO "B85"]
[WhiteElo "2379"]
[BlackElo "1368"]
[Annotator "TA"]
[PlyCount "39"]
[EventDate "2022.06.05"]
[EventType "tourn"]
[EventCountry "CZE"]
[SourceTitle "playchess.com"]
[Source "ChessBase"]
[SourceQuality "1"]
[TimeControl "720+3"]

1. e4 c5 2. Nf3 e6 3. Nc3 d6 4. d4 cxd4 5. Nxd4 Nf6 6. Be2 Be7 7. O-O O-O 8. Be3 Nc6 9. Kh1 Bd7 10. f4 Qc7 {[%emt 0:00:08] 10...a6 gains popularity.} 11. Qe1 a6 12. Rd1 Nxd4 {[%emt 0:00:16] B85: Sicilian Scheveningen: 6 Be2 a6, lines with early Be3.} (12... b5 $5 ) 13. Bxd4 Bc6 14. Qg3 {[%emt 0:00:18] [#]} e5 $146 {[%emt 0:00:10] [#]} (14... b5 $11) ({Predecessor:} 14... b5 15. a3 Qb7 16. Bd3 Rad8 17. Qh3 Nxe4 18. Rde1 d5 19. f5 exf5 20. Rxf5 g6 21. Qh6 f6 22. Rf3 Rf7 23. Rh3 {0-1 (36) Strohhaeker,R (2440)-Lutz,C (2537) Germany 2018}) 15. fxe5 $18 dxe5 (15... Ne8 16. Bc4 dxe5) 16. Bxe5 Qb6 17. Rxf6 Bxf6 18. Bxf6 g6 19. Qg5 {[%emt 0:00:10] [#] Threatening mate with Qh6.} Bb5 20. Nd5 {[%emt 0:00:08] Black did not feel at home in the position after the opening.  Weighted Error Value: White=0.15 (very precise) /Black=2.56} 1-0

[Event "5th Vera Menchik Memorial 2022"]
[Site "Prag"]
[Date "2022.06.05"]
[Round "4.9"]
[White "Sboev, Kirill"]
[Black "Postupa, Pavel"]
[Result "1/2-1/2"]
[ECO "D85"]
[WhiteElo "1229"]
[BlackElo "2235"]
[Annotator "TA"]
[PlyCount "30"]
[EventDate "2022.06.05"]
[EventType "tourn"]
[EventCountry "CZE"]
[SourceTitle "playchess.com"]
[Source "ChessBase"]
[SourceQuality "1"]
[TimeControl "720+3"]

1. d4 Nf6 2. c4 g6 3. Nc3 d5 4. cxd5 Nxd5 5. e4 Nxc3 6. bxc3 c5 7. Nf3 Bg7 8. h3 O-O 9. Be2 Nc6 10. Be3 cxd4 {[%emt 0:00:16] D85: Exchange Grünfeld: Unusual White 7th moves and lines with 7 Nf3.} 11. cxd4 Qa5+ 12. Bd2 {[%emt 0:00:02] [#]} Qd8 $146 (12... Qa3 $5 ) ({Predecessor:} 12... Qa3 13. d5 Ne5 14. Nxe5 Bxe5 15. O-O Bxa1 16. Qxa1 Bd7 17. Rb1 b6 18. Bb4 Qa4 19. Bd1 Qa6 20. Bxe7 Rfe8 21. Bg5 b5 22. e5 {1-0 (34) Maghsoodloo,P (2701)-Sarana,A (2666) Warsaw 2021}) 13. Be3 Qa5+ 14. Bd2 Qd8 15. Be3 Qa5+ {[%emt 0:00:01] Not much happened in this game.  Weighted Error Value: White=0.15 (very precise) /Black=0.07 (flawless)} 1/2-1/2

[Event "5th Vera Menchik Memorial 2022"]
[Site "Prag"]
[Date "2022.06.05"]
[Round "4.10"]
[White "Bezdek, Tomas"]
[Black "Kucera, David"]
[Result "1-0"]
[ECO "C00"]
[WhiteElo "1957"]
[BlackElo "1782"]
[Annotator "TA"]
[PlyCount "41"]
[EventDate "2022.06.05"]
[EventType "tourn"]
[EventCountry "CZE"]
[SourceTitle "playchess.com"]
[Source "ChessBase"]
[SourceQuality "1"]
[TimeControl "720+3"]

1. e4 e6 2. f4 d5 3. e5 c5 4. Nf3 Nh6 5. c3 Nf5 6. Bd3 {[%emt 0:00:02] C00: French: Unusual White 2nd moves.} Nc6 7. Na3 Be7 8. Nc2 {[%emt 0:00:02] The position is equal.} h5 9. Bxf5 exf5 10. d4 {[%emt 0:12:11][%cal Bd2d4,Bd4c5,Bc5b6][%mdl 32] [#]} O-O $146 ({Predecessor:} 10... b6 11. Be3 Be6 12. O-O Qd7 13. Kh1 g6 14. Qe2 O-O 15. Rad1 c4 16. b3 b5 {1-0 (89) Lavendelis,E (2278)-Zaleski,L (2229) Katowice 2017}) 11. O-O Be6 12. Be3 g6 (12... c4 $14) 13. dxc5 $18 a5 14. b4 (14. Qe2 $18) 14... axb4 $16 15. cxb4 b6 $2 {[%emt 0:00:01] [#]} (15... d4 $16 {was necessary.} 16. Nfxd4 Bxa2) 16. cxb6 $18 Nxb4 17. Nxb4 Bxb4 18. Rb1 Qe7 19. Nd4 Bc5 20. Kh1 (20. b7 $142 Rab8 21. Qb3) 20... Rfb8 21. Nc6 {[%emt 0:00:00] Weighted Error Value: White=0.37/Black=0.51} ({Better is} 21. Nxe6 $18 fxe6 22. Bxc5 Qxc5 23. Qb3) 1-0

[Event "5th Vera Menchik Memorial 2022"]
[Site "Prag"]
[Date "2022.06.05"]
[Round "4.12"]
[White "Bures, Jaroslav"]
[Black "Brejnik, Gustav"]
[Result "0-1"]
[ECO "B12"]
[WhiteElo "2422"]
[BlackElo "2246"]
[Annotator "TA"]
[PlyCount "96"]
[EventDate "2022.06.05"]
[EventType "tourn"]
[EventCountry "CZE"]
[SourceTitle "playchess.com"]
[Source "ChessBase"]
[SourceQuality "1"]
[TimeControl "720+3"]

1. e4 c6 2. d4 d5 3. e5 Bf5 4. h4 h5 5. Bd3 Bxd3 6. Qxd3 {[%emt 0:00:01][%cal Oe5e6] B12: Caro-Kann: Advance Variation.} Qa5+ 7. Nd2 {[%emt 0:00:44][%cal Oe5e6] Threatens to win with e6!} e6 $1 8. Ne2 {[%emt 0:00:42] The position is equal.} Qa6 9. c4 Ne7 {[%emt 0:00:24] [#]} 10. Rh3 $146 ({Predecessor:} 10. O-O c5 11. b3 Nf5 12. Nf3 Nc6 13. Bg5 dxc4 14. bxc4 cxd4 15. Nexd4 Nfxd4 16. Nxd4 Nxe5 {1-0 (37) Xu,Y (2507)-Bluebaum,M (2637) Chess.com INT 2022}) 10... Nf5 11. Nc3 Be7 12. cxd5 (12. Rb1 $15) 12... Qxd3 (12... cxd5 $17 {Hoping for ...Nc6.} 13. Ne2 Qxd3 14. Rxd3 Nxh4) 13. Rxd3 $11 cxd5 {[%emt 0:00:17] Black wants to play ...Nc6.} 14. g3 Nc6 15. Nb3 (15. Ne2 $11 {and White has nothing to worry.}) 15... Nb4 $1 $19 16. Rd2 g5 17. a3 Nc6 18. hxg5 Bxg5 (18... h4 $19 {aiming for ...h3.} 19. Rd1 hxg3 20. fxg3 Nxg3) 19. Rd1 Be7 20. Ke2 Kd7 21. Be3 Rag8 22. Rh1 Rg4 23. Rad1 h4 24. gxh4 (24. Kd3 $142) 24... Rhxh4 25. Rxh4 Rxh4 26. Rd3 b6 27. Nd1 (27. Kf1 $17) 27... f6 28. f4 Rh2+ 29. Bf2 a5 {[%emt 0:00:29] 0x0.001aa0d3f225dp-1022s more active pieces.} 30. a4 (30. Kf1 $17) 30... Nb4 31. Rf3 Nc2 32. Kd3 {[%emt 0:00:19] [#]} Nb4+ ({Black should try} 32... fxe5 $1 $19 33. dxe5 Nh4) 33. Kc3 $2 (33. Ke2 $11 {and White stays safe.}) 33... Rh8 (33... fxe5 $142 34. dxe5 Bc5) 34. Kd2 Rc8 (34... fxe5 $19 {And now ...e4 would win.} 35. dxe5 Rh2) 35. Rc3 $1 $15 Rh8 (35... Rg8 $15 36. Ne3 Nxe3 37. Kxe3 Rh8) 36. Rf3 $1 $19 {[%emt 0:00:02] [#]} Rh2 $2 ({Black should play} 36... fxe5 $1 $19 37. dxe5 Rh2) 37. Ne3 $2 (37. Ke2 $11) 37... Nh4 {[%emt 0:00:27] Black is clearly winning.} 38. Ke2 Nxf3 39. Kxf3 Nd3 40. Ng4 Rh3+ 41. Bg3 f5 42. Nf6+ Bxf6 43. exf6 {[%emt 0:00:01][%mdl 4096] Endgame KRN-KBN} Ke8 44. Nd2 Kf7 45. Kg2 Rh8 46. Nf3 Kxf6 47. Ng5 Nxb2 48. Kf3 Nxa4 {[%emt 0:00:02] Weighted Error Value: White=0.70/Black=0.36} 0-1

[Event "5th Vera Menchik Memorial 2022"]
[Site "Prag"]
[Date "2022.06.05"]
[Round "4.13"]
[White "Burdalev, Kirill"]
[Black "Vokoun, Jan"]
[Result "1-0"]
[ECO "A45"]
[WhiteElo "2381"]
[BlackElo "2056"]
[Annotator "TA"]
[PlyCount "69"]
[EventDate "2022.06.05"]
[EventType "tourn"]
[EventCountry "CZE"]
[SourceTitle "playchess.com"]
[Source "ChessBase"]
[SourceQuality "1"]
[TimeControl "720+3"]

1. d4 Nf6 2. Bf4 d6 3. Nc3 Nbd7 4. Nf3 a6 5. a4 {[%emt 0:00:27] [#]} Nh5 $146 ({Predecessor:} 5... b6 6. e4 Bb7 7. Bc4 e6 8. Qe2 Be7 9. O-O O-O 10. e5 dxe5 11. dxe5 Nh5 {1-0 (55) Nieto Farreny,F (2024)-Monfa Escola,R (1761) Almenar 2010}) 6. Bd2 {[%emt 0:00:09] A45: Trompowsky Attack.} g6 7. e4 Bg7 {[%emt 0:00:14] Against e5} 8. g3 {[%emt 0:01:10] White is slightly better.} e5 9. Be3 O-O 10. Bg2 Re8 11. O-O Nhf6 12. h3 h6 (12... exd4 $11 13. Nxd4 Nc5) 13. Qd2 $14 Kh7 14. Rfe1 Rb8 15. a5 exd4 16. Bxd4 Nf8 (16... b6 $11) 17. Rad1 $16 {[%emt 0:01:06] 0x0.000bd5ab8245dp-1022s more active pieces. The black rooks are badly placed.} Bd7 (17... Be6 $142) 18. e5 dxe5 19. Bxe5 Qc8 20. g4 ({White should play} 20. Qd4 $16 Ne6 21. Qh4) 20... Bc6 $14 21. g5 hxg5 22. Nxg5+ Kg8 23. Qf4 $36 {[%emt 0:00:29][%mdl 2048] Inhibits Ne4. White has good play.} Bxg2 {[%emt 0:00:00][%mdl 8192] This costs Black the game.} (23... Ne6 $14 24. Nxe6 Nh5) 24. Bxf6 $18 {[%emt 0:00:03] Dancing on a razor blade.} ({Worse is} 24. Kxg2 Ne6 25. Nxe6 Nh5 $11) 24... Bxh3 {[%emt 0:00:00] [#] Threatens to win with ...Qg4+.} 25. Bxg7 Qg4+ 26. Qxg4 Bxg4 27. f3 Bf5 $2 (27... Bxf3 {is tougher.} 28. Nxf3 Rxe1+ 29. Rxe1 Kxg7) 28. Be5 {[%emt 0:00:53] Strongly threatening Nd5.} Rbc8 29. Nd5 {[%emt 0:00:09] White wants to mate with Nf6+.} Nd7 30. Nf6+ Nxf6 31. Bxf6 Bxc2 {[%emt 0:00:06] [#]} 32. Rc1 (32. Kf2 $142 $1 Re6 (32... Re2+ 33. Kxe2) 33. Nxe6 Bxd1 34. Nc5 Rd8 35. Rh1 Rd2+ 36. Kg3 Rg2+ 37. Kxg2 Bxf3+ 38. Kxf3 Kf8 39. Rh8#) 32... Rxe1+ 33. Rxe1 {[%emt 0:00:02] White threatens Kf2 and mate.} Bb3 34. Kf2 b6 35. Rh1 {[%emt 0:00:05] Weighted Error Value: White=0.46/Black=0.88} 1-0